 Dungeon Crawl Stone Soup version 0.28.0-49-g6dfe1f597d (webtiles) character file.

Game seed: 1022648870144597857

334 Exodus22XD the Poker (level 6, -7/46 HPs)
             Began as a Demonspawn Gladiator on May 15, 2022.
             Was a Follower of Uskayaw.
             Mangled by a gnoll
             ... wielding a +0 flail
              (9 damage)
             ... on level 3 of the Dungeon.
             The game lasted 00:01:38 (2608 turns).

Exodus22XD the Poker (Demonspawn Gladiator)         Turns: 2608, Time: 00:01:38

Health: -7/46      AC:  6    Str: 16    XL:     6   Next: 27%
Magic:  7/7        EV: 12    Int:  9    God:    Uskayaw [*.....]
Gold:   53         SH:  0    Dex: 15    Spells: 5/5 levels left

rFire   . . .      SeeInvis .   a - +0 trident
rCold   . . .      Faith    .   (no shield)
rNeg    . . .      Spirit   .   k - +0 ring mail
rPois   .          Reflect  .   c - +0 helmet
rElec   .          Harm     .   (no cloak)
rCorr   .          Rampage  .   (no gloves)
Will    .....                   (no boots)
Stlth   +.........              (no amulet)
HPRegen 0.15/turn               (no ring)
MPRegen 0.10/turn               (no ring)

@: no status effects
A: demonic magic 1, demonic touch 1
a: Renounce Religion, Stomp


You were on level 3 of the Dungeon.
You worshipped Uskayaw.
Uskayaw was noncommittal.
You visited 1 branch of the dungeon, and saw 3 of its levels.

You collected 53 gold pieces.

Inventory:

Hand Weapons
 a - a +0 trident (weapon)
Missiles
 d - 3 throwing nets (quivered)
Armour
 b - a +0 leather armour
 c - a +0 helmet (worn)
 k - a +0 ring mail (worn)
Jewellery
 h - an amulet of regeneration
Scrolls
 f - a scroll of teleportation {unknown}
 j - a scroll of blinking {unknown}
 m - a scroll of enchant armour {unknown}
 n - a scroll of immolation {unknown}
Potions
 e - 2 potions of ambrosia {unknown}
 g - a potion of degeneration {unknown}
 i - a potion of invisibility {unknown}
 l - a potion of curing {unknown}


   Skills:
 + Level 2.5 Fighting
 + Level 4.5 Polearms
 + Level 2.0 Throwing
 + Level 1.8 Armour
 + Level 3.9 Dodging
 + Level 1.2 Stealth
 * Level 2.1 Invocations


You had 5 spell levels left.
You didn't know any spells.
Your spell library was empty.

Dungeon Overview and Level Annotations

Branches:
Dungeon (3/15)

Altars:
Uskayaw

Shops:
D:2 *


Innate Abilities, Weirdness & Mutations

Spells you cast may paralyse adjacent enemies.
Your touch may inflict minor irresistible damage on your foes.


Message History

The gnoll barely misses you. x3
The gnoll hits you from afar with a +0 spear.
The gnoll hits you with a +0 flail! The gnoll hits you with a +0 flail!
There is an open door here.
The gnoll barely misses you. The gnoll hits you but does no damage.
The gnoll closely misses you.
The gnoll completely misses you. x2; The gnoll hits you but does no damage.
There is an open door here.
You are too injured to fight recklessly!
You are too injured to fight recklessly!
You are too injured to fight recklessly!
You are too injured to fight recklessly!
Unknown command.
You are too injured to fight recklessly!
You are too injured to fight recklessly!
The gnoll closely misses you.
You hit the gnoll. Your touch misses the gnoll.
The gnoll is heavily wounded.
The gnoll closely misses you.
The gnoll hits you from afar with a +0 spear.
You hit the gnoll but do no damage.
You touch the gnoll.
The gnoll is severely wounded.
The gnoll hits you with a +0 spear.
The gnoll hits you from afar with a +0 spear.
* * * LOW HITPOINT WARNING * * *
You barely miss the gnoll. Your touch misses the gnoll.
The gnoll is severely wounded.
The gnoll hits you with a +0 spear.
* * * LOW HITPOINT WARNING * * *
The gnoll hits you from afar with a +0 spear.
* * * LOW HITPOINT WARNING * * *
You barely miss the gnoll.
You touch the gnoll.
You kill the gnoll!
The gnoll hits you from afar with a +0 spear.
* * * LOW HITPOINT WARNING * * *
You hit the gnoll.
The gnoll is moderately wounded.
The gnoll hits you with a +0 flail!
You die...

#......#############......
#.....>+..................
#......#######............
#.........####......###..#
#...................+.....
#......##.#.........####..
#......##.#.........#####.
#########.#...............
#@#(..............
#######g#######.........
...[..g...$.# #.........
............+ +.........
............# .......
............# ......)
............# ......
............#
............#


You could see 2 gnolls.

Vanquished Creatures
  Sigmund (D:3)
  Jessica (D:2)
  Natasha (thrice) (D:2)
  A gnoll (D:3)
  2 adders
  A worm (D:3)
  3 dart slugs (D:2)
  A ball python (D:1)
  3 endoplasms
  5 goblins
  5 hobgoblins
  3 jackals (D:3)
  5 kobolds
  2 quokkas
  3 bats
  A frilled lizard (D:3)
  5 rats
45 creatures vanquished.

Notes
Turn   | Place    | Note
-------+----------+-------------------------------------------
     0 | D:1      | Exodus22XD the Demonspawn Gladiator began the quest for the
                  | Orb.
     0 | D:1      | Reached XP level 1. HP: 16/16 MP: 1/1
   397 | D:1      | Gained mutation: Your touch may inflict minor irresistible
                  | damage on your foes. [demonic ancestry]
   397 | D:1      | Reached XP level 2. HP: 22/22 MP: 2/2
  1002 | D:2      | Reached skill level 3 in Polearms
  1017 | D:2      | Reached XP level 3. HP: 26/27 MP: 3/3
  1036 | D:2      | Noticed Jessica
  1046 | D:2      | Killed Jessica
  1245 | D:2      | Noticed Natasha
  1251 | D:2      | Killed Natasha
  1252 | D:2      | Reached XP level 4. HP: 33/33 MP: 4/4
  1397 | D:2      | Noticed Natasha
  1420 | D:2      | Killed Natasha
  1421 | D:2      | Reached skill level 1 in Armour
  1558 | D:2      | Found Laxad's General Store.
  1558 | D:2      | Noticed Natasha
  1563 | D:2      | Killed Natasha
  1564 | D:2      | Gained mutation: Spells you cast may paralyse adjacent
                  | enemies. [demonic ancestry]
  1564 | D:2      | Reached XP level 5. HP: 37/38 MP: 5/5
  1719 | D:2      | Found a faded altar of an unknown god.
  1831 | D:2      | Prayed at the altar of an unknown god.
  1831 | D:2      | Became a worshipper of Uskayaw the Reveller
  1831 | D:2      | Reached * piety under Uskayaw
  2091 | D:3      | Reached ** piety under Uskayaw
  2101 | D:3      | Reached *** piety under Uskayaw
  2328 | D:3      | Noticed Sigmund
  2341 | D:3      | Killed Sigmund
  2342 | D:3      | Reached skill level 4 in Polearms
  2342 | D:3      | Reached skill level 1 in Stealth
  2342 | D:3      | Reached XP level 6. HP: 12/46 MP: 5/7
  2607 | D:3      | HP: 2/46 [gnoll/+0 spear (3)]
  2608 | D:3      | Mangled by a gnoll

Illustrated notes

Levels and vault maps discovered:
D:1:      mainiacjoe_arrival_reflecting_pool, layout_loops_corners
D:2:      layout_loops_ring, serial_aquarium, aquarium_bridge_square
          [aquarium_subvault_wall, aquarium_subvault_window,
          aquarium_subvault_bridge, aquarium_subvault_window],
          aquarium_window_corner, aquarium_window_corridor_2, aquarium_window_2,
          aquarium_view_2f, aquarium_pool_2, chequers_ecumenical_altar_twisty,
          serial_shops, nicolae_square_shop, uniq_natasha, uniq_jessica
D:3:      due_chaos_kobolds, layout_basic, uniq_sigmund

Skill      XL: |  1  2  3  4  5 |
---------------+----------------+-----
Dodging        | 3 |  3.9
Polearms       | 3 4 |  4.5
Throwing       | 2 |  2.0
Armour         | 1 |  1.8
Stealth        | 1 |  1.2
Invocations    | 2 |  2.1
Fighting       | |  2.5

Action                   |  1- 3 |  4- 6 || total
-------------------------+-------+-------++-------
Melee: Trident           |    68 |    74 ||   142
       Touch             |     8 |     9 ||    17
       Punch             |       |     1 ||     1
 Stab: Sleeping          |     1 |       ||     1
       Paralysed         |       |     2 ||     2
Armor: Leather armour    |    11 |     1 ||    12
       Ring mail         |       |    15 ||    15
Dodge: Dodged            |    25 |    36 ||    61
